 Dungeon Crawl Stone Soup version 0.18.1-50-g88ac8fd (webtiles) character file.

2461 Gargoyl the Protected (level 9, -2/68 HPs)
             Began as a Demonspawn Abyssal Knight on Oct 7, 2016.
             Was a Priest of Lugonu.
             Slain by Joseph
             ... wielding a +1 quarterstaff of distortion
              (14 damage)
             ... on level 8 of the Dungeon.
             The game lasted 00:14:46 (6294 turns).

Gargoyl the Protected (Demonspawn Abyssal Knight)   Turns: 6294, Time: 00:14:46

Health: -2/68      AC: 22    Str: 15    XL:     9   Next: 26%
Magic:  14/14      EV:  5    Int: 14    God:    Lugonu [***...]
Gold:   367        SH:  0    Dex: 13    Spells: 0 memorised, 8 levels left

rFire  . . .     SeeInvis .     z - +1 battleaxe (flame)
rCold  . . .     Gourm    .     d - +2 plate armour
rNeg   + . .     Faith    .     (shield currently unavailable)
rPois  +         Spirit   .     (helmet restricted)
rElec  +         Dismiss  .     D - +1 cloak {rPois}
rCorr  .         Reflect  .     (no gloves)
SustAt .         Harm     .     w - +0 pair of boots "Cismife" {rElec}
MR     .....                    m - amulet of regeneration
Stlth  ..........               j - ring of positive energy
                                p - ring of flight

@: exhausted, slowed, very slow, not resistant to hostile enchantments,
extremely unstealthy
A: horns 1, thin metallic scales 2, demonic guardian 1, spiny 1
a: Depart the Abyss, Bend Space, Banish, Renounce Religion, Evoke Flight


You were on level 8 of the Dungeon.
You worshipped Lugonu.
Lugonu was most pleased with you.
You were hungry.

You visited 1 branch of the dungeon, and saw 8 of its levels.
You visited the Abyss 3 times.

You collected 457 gold pieces.
You spent 90 gold pieces at shops.

Inventory:

Hand Weapons
 a - a +1 hand axe
 z - a +1 battleaxe of flaming (weapon)
 A - a +0 battleaxe
Missiles
 s - 7 poisoned javelins (quivered)
Armour
 d - a +2 plate armour (worn)
 w - the +0 pair of boots "Cismife" (worn) {rElec}
   (You found it on level 5 of the Dungeon)

   It insulates you from electricity.
 D - a +1 cloak of poison resistance (worn)
Jewellery
 j - a ring of positive energy (right hand)
 m - an amulet of regeneration (around neck)
 p - a ring of flight (left hand)
Wands
 y - a wand of flame (29/48)
 B - a wand of paralysis (12/24)
Scrolls
 h - 3 scrolls of remove curse
 k - 2 scrolls of fog
 n - 3 scrolls of identify
 t - a scroll of recharging
 v - 2 scrolls of teleportation
Potions
 b - a potion of might {unknown}
 g - a potion of berserk rage
 i - 4 potions of lignification {unknown}
 l - 3 potions of heal wounds {unknown}
 o - 2 potions of degeneration {unknown}
 q - 3 potions of agility {unknown}
 u - 2 potions of curing
 x - a potion of cancellation {unknown}
Comestibles
 c - 2 bread rations
 f - 3 slices of pizza
 r - 2 beef jerkies
 E - 2 chunks of flesh


   Skills:
 + Level 5.6 Fighting
 + Level 4.2 Axes
 * Level 8.7 Armour
 + Level 1.7 Dodging
 * Level 7.1 Invocations


You had 8 spell levels left.
You didn't know any spells.

Dungeon Overview and Level Annotations

Branches:
Dungeon (8/15)             Temple (0/1) D:6
   Lair: D:8-11

Altars:
Fedhas
Gozag
Nemelex Xobeh
Qazlal
Sif Muna
Trog
Xom
Zin

Shops:
D:8 *

Annotations:
D:8 Joseph


Innate Abilities, Weirdness & Mutations

You have a pair of small horns on your head.
You are mostly covered in thin metallic scales (AC +3).
A weak demonic guardian rushes to your aid.
You are partially covered in sharp spines.


Message History

You feel less confused.
Joseph unwields an uncursed quarterstaff of distortion.
Its appearance distorts for a moment.
Joseph wields an uncursed hunting sling.
Joseph shoots a sling bullet.
The sling bullet hits you but does no damage.
Joseph shoots a sling bullet.
The sling bullet hits you.
Found 2 sedimented golden potions.
You see here a sling bullet.
Joseph unwields an uncursed hunting sling.
Joseph wields an uncursed quarterstaff of distortion.
Its appearance distorts for a moment.
Joseph is struck by your spines.
Joseph hits you with an uncursed quarterstaff of distortion.
* * * LOW HITPOINT WARNING * * *
Space warps horribly around you!
* * * LOW HITPOINT WARNING * * *
Drink which item? (? for menu, Esc to quit)
You feel better. Joseph hits you but does no damage.
Space warps horribly around you!
You die...

##...# #.# #.##.# ##....# #.#
#.##.# #.###.# #.# #.##.# #.#
#.## #.# #.....
#.###..#######.# ####..
#....#.#.......############..
......_..######...<.......
....##.#.........@....###.
...###.####....(@...#.#
#.####.# #...((....# #
.....).# #..(......#
#......####.(.......#
####......(...........!
.....######.........###
###### #...........
#........>### #...>.....#


You could see Joseph.

Vanquished Creatures
  A two-headed ogre (D:4)
  Prince Ribbit (D:8)
  A wraith (Abyss:1)
  A hungry ghost (D:7)
  Menkaure (D:4)
  Edmund (D:4)
  An orc warrior (D:6)
  2 ogres
  A centaur (D:5)
  A giant frog (D:7)
  A wyvern skeleton (D:7)
  A scorpion (D:8)
  3 wights (D:7)
  A howler monkey (D:4)
  A crimson imp (D:3)
  2 hounds
  A giant frog skeleton (D:8)
  2 iguanas
  3 jellies
  7 orc wizards
  5 worker ants
  A hound zombie (D:5)
  A worker ant zombie (D:6)
  5 gnolls
  6 adders
  A shadow imp (D:7)
  An adder skeleton (D:6)
  2 worms
  2 dart slugs
  5 giant geckos
  18 orcs
  2 ball pythons (D:3)
  10 bats
  9 giant cockroaches
  5 goblins
  8 hobgoblins
  14 jackals
  6 kobolds
  3 quokkas
  A ball python skeleton (D:4)
  A giant gecko skeleton (D:4)
  7 giant newts
  4 rats
150 creatures vanquished.

Vanquished Creatures (collateral kills)
  An orc warrior (D:6)
  An ogre (D:7)
  3 crimson imps (D:3)
  2 gnolls (D:6)
  An orc (D:4)
  A rat (D:3)
9 creatures vanquished.

Grand Total: 159 creatures vanquished

Notes
Turn   | Place    | Note
--------------------------------------------------------------
     0 | Abyss:1  | Gargoyl the Demonspawn Abyssal Knight began the quest for the Orb.
     0 | Abyss:1  | Reached XP level 1. HP: 18/18 MP: 2/2
     9 | Abyss:2  | Found a corrupted altar of Lugonu.
    13 | Abyss:2  | Noticed an orb spider
    28 | D:1      | Escaped the Abyss
    50 | D:1      | Reached skill level 1 in Dodging
   285 | D:1      | Gained mutation: A weak demonic guardian rushes to your aid. [demonic ancestry]
   285 | D:1      | Reached XP level 2. HP: 21/24 MP: 3/3
   303 | D:1      | Reached * piety under Lugonu
   616 | D:1      | Reached skill level 2 in Armour
  1101 | D:2      | Reached XP level 3. HP: 29/29 MP: 5/5
  1997 | D:2      | Gained mutation: You are partially covered in thin metallic scales (AC +2). [demonic ancestry]
  1997 | D:2      | Reached XP level 4. HP: 3/37 MP: 6/6
  2211 | D:3      | Reached ** piety under Lugonu
  2430 | D:3      | Reached skill level 3 in Armour
  2753 | D:3      | Found a shimmering altar of Xom.
  2784 | D:3      | Reached XP level 5. HP: 42/42 MP: 7/7
  3031 | D:4      | Noticed Menkaure
  3044 | D:4      | Killed Menkaure
  3044 | D:4      | Reached skill level 4 in Armour
  3044 | D:4      | Gained mutation: You are partially covered in sharp spines. [demonic ancestry]
  3044 | D:4      | Reached XP level 6. HP: 10/48 MP: 7/9
  3136 | D:4      | Reached *** piety under Lugonu
  3287 | D:4      | Noticed a two-headed ogre
  3292 | D:4      | Killed a two-headed ogre
  3292 | D:4      | Reached skill level 5 in Armour
  3292 | D:4      | Gained mutation: You have a pair of small horns on your head. [demonic ancestry]
  3292 | D:4      | Reached XP level 7. HP: 53/55 MP: 10/10
  3482 | D:4      | Noticed Edmund
  3503 | D:4      | Killed Edmund
  3917 | D:5      | Entered Level 5 of the Dungeon
  4115 | D:5      | Reached skill level 5 in Invocations
  4136 | D:5      | Got a pair of slimy boots
  4137 | D:5      | Identified the +0 pair of boots "Cismife" {rElec} (You found it on level 5 of the Dungeon)
  4162 | D:5      | Reached skill level 6 in Armour
  4335 | D:5      | Reached XP level 8. HP: 60/61 MP: 12/12
  4394 | D:5      | Reached **** piety under Lugonu
  4665 | D:6      | Found Zin's Purification Station.
  4673 | D:6      | Found a glowing silver altar of Zin.
  4790 | D:6      | Reached skill level 5 in Fighting
  4790 | D:6      | Reached skill level 7 in Armour
  4863 | D:6      | Bought a potion of curing for 90 gold pieces
  4960 | D:6      | Found a bloodstained altar of Trog.
  5017 | D:6      | Found an opulent altar of Gozag.
  5027 | D:6      | Found a blossoming altar of Fedhas.
  5051 | D:6      | Found a staircase to the Ecumenical Temple.
  5146 | D:6      | Found a bloodstained altar of Trog.
  5157 | D:6      | Found a stormy altar of Qazlal.
  5339 | D:7      | Found a deep blue altar of Sif Muna.
  5517 | D:7      | Reached skill level 8 in Armour
  5822 | D:7      | Gained mutation: You are mostly covered in thin metallic scales (AC +3). [demonic ancestry]
  5822 | D:7      | Reached XP level 9. HP: 65/68 MP: 14/14
  5915 | D:8      | Found a sparkling altar of Nemelex Xobeh.
  5937 | D:8      | Noticed Joseph
  5941 | D:8      | Cast into level 1 of the Abyss (Joseph)
  6031 | Abyss:2  | Noticed a worldbinder
  6032 | D:8      | Escaped the Abyss
  6102 | D:8      | Noticed Prince Ribbit
  6104 | D:8      | Found Utuerr's Assorted Antiques.
  6112 | D:8      | Killed Prince Ribbit
  6256 | D:8      | Cast into level 2 of the Abyss (Joseph)
  6278 | D:8      | Escaped the Abyss
  6293 | D:8      | HP: 3/68 [Joseph/uncursed quarterstaff of distortion (17)]
  6294 | D:8      | Slain by Joseph

Skill      XL: |  1  2  3  4  5  6  7  8  9 |
---------------+----------------------------+-----
Dodging        | 1 |  1.7
Armour         | 2 3 4 5 6 8 |  8.7
Invocations    | 3 4 5 6 7 |  7.1
Axes           | 2 3 4 |  4.2
Fighting       | 4 5 |  5.6

Action                   |  1- 3 |  4- 6 |  7- 9 || total
-------------------------+-------+-------+-------++-------
Melee: Hand axe          |   173 |   191 |   126 ||   490
       Headbutt          |       |       |    36 ||    36
       Battleaxe         |       |       |    71 ||    71
Invok: Depart the Abyss  |     1 |       |     2 ||     3
  Use: Scroll            |     4 |     3 |     9 ||    16
       Potion            |     1 |       |     4 ||     5
 Stab: Invisible         |       |     1 |       ||     1
  Eat: Chunk             |     4 |     5 |    13 ||    22
       Meat ration       |       |       |     1 ||     1
Armor: Plate armour      |   202 |   188 |   186 ||   576
Dodge: Dodged            |    45 |    36 |    44 ||   125
